 Dungeon Crawl Stone Soup version 0.22-a0-40-g3d2f077def (webtiles) character file.

72 NixNut the Shooter (level 4, -12/38 HPs)
             Began as a Gnoll Wanderer on Jan 5, 2018.
             Mangled by an ogre
             ... wielding a +0 giant club
              (20 damage)
             ... in the Ecumenical Temple.
             The game lasted 00:05:44 (2126 turns).

NixNut the Shooter (Gnoll Wanderer)                 Turns: 2126, Time: 00:05:44

Health: -12/38     AC:  5    Str: 16    XL:     4   Next: 26%
Magic:  5/5        EV: 10    Int: 15    God:
Gold:   204        SH:  0    Dex: 13    Spells: 5/5 levels left

rFire    . . .     SeeInvis .   a - +2 mace
rCold    . . .     Gourm    .   (no shield)
rNeg     . . .     Faith    .   b - +0 ring mail
rPois    +         Spirit   .   (no helmet)
rElec    .         Reflect  .   (no cloak)
rCorr    +         Harm     .   (no gloves)
MR       .....                  (no boots)
Stlth    +.........             (no amulet)
HPRegen  0.12/turn              r - ring of poison resistance
MPRegen  0.09/turn              j - ring of resist corrosion

@: drained
A: distributed training, fangs 1, strong nose
a: no special abilities


You were in the Ecumenical Temple.
You were not hungry.

You visited 2 branches of the dungeon, and saw 5 of its levels.

You collected 204 gold pieces.

Inventory:

Hand Weapons
 a - a +2 mace (weapon)
 f - a +0 hand axe of distortion
Missiles
 i - 68 arrows
Armour
 b - a +0 ring mail (worn)
Jewellery
 e - a +4 ring of dexterity
 j - a ring of resist corrosion (right hand)
 r - a ring of poison resistance (left hand)
Scrolls
 g - a scroll of enchant armour {unknown}
 h - 4 scrolls of identify
 k - a scroll of remove curse {unknown}
 l - 3 scrolls of random uselessness {unknown}
 o - a scroll of teleportation {unknown}
 p - 2 scrolls of immolation {unknown}
 q - a scroll of fear {unknown}
 s - 3 scrolls of noise {unknown}
 t - a scroll of amnesia {unknown}
 u - a scroll of magic mapping {unknown}
Potions
 c - 2 potions of lignification
 n - a potion of might {unknown}
Comestibles
 d - 7 rations
 m - a chunk of flesh


   Skills:
 + Level 4.6(3.9) Fighting
 + Level 1.0(0.4) Short Blades
 + Level 1.0(0.4) Long Blades
 + Level 1.0(0.4) Axes
 + Level 4.6(3.9) Maces & Flails
 + Level 1.0(0.4) Polearms
 + Level 1.0(0.4) Staves
 + Level 1.0(0.4) Slings
 + Level 6.6(5.8) Bows
 + Level 1.0(0.4) Crossbows
 + Level 2.7(2.0) Throwing
 + Level 2.7(2.0) Armour
 + Level 1.0(0.4) Dodging
 + Level 2.5(1.8) Stealth
 + Level 1.0(0.4) Shields
 + Level 1.0(0.4) Unarmed Combat
 + Level 1.0(0.4) Spellcasting
 + Level 0.8(0.1) Conjurations
 + Level 0.8(0.1) Hexes
 + Level 0.8(0.1) Charms
 + Level 0.8(0.1) Summonings
 + Level 0.8(0.1) Necromancy
 + Level 0.8(0.1) Translocations
 + Level 0.8(0.1) Transmutations
 + Level 0.8(0.1) Fire Magic
 + Level 0.8(0.1) Ice Magic
 + Level 0.8(0.1) Air Magic
 + Level 0.8(0.1) Earth Magic
 + Level 0.8(0.1) Poison Magic
 + Level 1.1(0.5) Invocations
 + Level 1.0(0.4) Evocations


You had 5 spell levels left.
You didn't know any spells.

Dungeon Overview and Level Annotations

Branches:
Dungeon (4/15)             Temple (1/1) D:4

Altars:


Innate Abilities, Weirdness & Mutations

Your experience applies equally to all skills.
You have very sharp teeth.
Your uncanny sense of smell can sniff out nearby items.


Message History

You butcher the worker ant corpse.
m - a chunk of flesh An ogre comes into view.
It is wielding a giant club.
The ogre shouts!
Found a staircase to the Ecumenical Temple.
Okay, then.
You aren't carrying any items that you can evoke.
There is a staircase to the Ecumenical Temple here.
The ogre hits you with a giant club!
You climb downwards.
Welcome to the Ecumenical Temple!
There is a staircase back to the Dungeon here.
You sock the ogre!
The ogre is moderately wounded.
The ogre hits you with a giant club!
* * * LOW HITPOINT WARNING * * *
You hit the ogre but do no damage. You bite the ogre, but do no damage.
The ogre is moderately wounded.
The ogre hits you with a giant club!!
Ouch! That really hurt!
You die...

....... .......
....... .......
....... .......
....... .......
.....⌠.#.⌠.....
...............
...............
#.⌠...@...⌠.#
........O......
...............
.....⌠.#.⌠.....
....... .......
....... .......
....... .......
....... .......


You could see an ogre.

Vanquished Creatures
  A worker ant (D:4)
  An ooze (D:1)
  A worm (D:2)
  3 dart slugs
  2 leopard geckos
  A ball python (D:1)
  2 bats (D:2)
  3 giant cockroaches
  3 goblins
  2 hobgoblins (D:3)
  A jackal (D:1)
  5 kobolds
  2 quokkas
  2 frilled lizards (D:2)
  4 rats
33 creatures vanquished.

Notes
Turn   | Place    | Note
-------+----------+-------------------------------------------
     0 | D:1      | NixNut the Gnoll Wanderer began the quest for the Orb.
     0 | D:1      | NixNut set off with: a +2 mace, a +0 ring mail, a potion of lignification, a ration
     0 | D:1      | Reached XP level 1. HP: 20/20 MP: 1/1
   310 | D:1      | Reached XP level 2. HP: 21/26 MP: 2/2
   814 | D:2      | Reached XP level 3. HP: 24/31 MP: 3/3
  1188 | D:2      | Reached skill level 1 in Invocations
  2068 | D:4      | Reached skill level 1 in Short Blades
  2068 | D:4      | Reached skill level 1 in Long Blades
  2068 | D:4      | Reached skill level 1 in Axes
  2068 | D:4      | Reached skill level 1 in Polearms
  2068 | D:4      | Reached skill level 1 in Staves
  2068 | D:4      | Reached skill level 1 in Slings
  2068 | D:4      | Reached skill level 1 in Crossbows
  2068 | D:4      | Reached skill level 1 in Dodging
  2068 | D:4      | Reached skill level 1 in Shields
  2068 | D:4      | Reached skill level 1 in Unarmed Combat
  2068 | D:4      | Reached skill level 1 in Spellcasting
  2068 | D:4      | Reached skill level 1 in Evocations
  2068 | D:4      | Reached XP level 4. HP: 38/38 MP: 5/5
  2113 | D:4      | Found a staircase to the Ecumenical Temple.
  2113 | D:4      | Noticed an ogre
  2124 | Temple   | Entered the Ecumenical Temple
  2126 | Temple   | Mangled by an ogre

Vault maps used:
D:1:      lemuel_arrival_broad_hall, minmay_bisected
D:3:      first_ration, minmay_strange_pillars
D:4:      minmay_temple_entry_steel_oval
Temple:   compressed_dpeg_circular_temple

Skill      XL: |  1  2  3 |
---------------+----------+-----
Invocations    | 1 |  1.1
Short Blades   | 1 |  1.0
Long Blades    | 1 |  1.0
Axes           | 1 |  1.0
Polearms       | 1 |  1.0
Staves         | 1 |  1.0
Slings         | 1 |  1.0
Crossbows      | 1 |  1.0
Dodging        | 1 |  1.0
Shields        | 1 |  1.0
Unarmed Combat | 1 |  1.0
Spellcasting   | 1 |  1.0
Evocations     | 1 |  1.0
Fighting       | |  4.6
Maces & Flails | |  4.6
Bows           | |  6.6
Throwing       | |  2.7
Armour         | |  2.7
Stealth        | |  2.5
Conjurations   | |  0.8
Hexes          | |  0.8
Charms         | |  0.8
Summonings     | |  0.8
Necromancy     | |  0.8
Translocations | |  0.8
Transmutations | |  0.8
Fire Magic     | |  0.8
Ice Magic      | |  0.8
Air Magic      | |  0.8
Earth Magic    | |  0.8
Poison Magic   | |  0.8

Action                   |  1- 3 |  4- 6 || total
-------------------------+-------+-------++-------
Melee: Mace              |   105 |     2 ||   107
       Bite              |    16 |     1 ||    17
  Use: Scroll            |     1 |       ||     1
  Eat: Chunk             |     4 |       ||     4
Armor: Ring mail         |    52 |       ||    52
Dodge: Dodged            |    67 |       ||    67

Table legend:
 A = Spawn XP
 B = Non-spawn XP
 C = Spawn XP percentage of total XP
 D = Spawn monster count
 E = Non-spawn monster count
 F = Spawn count percentage of total count
 G = Total turns spent on level
                    A         B        C        D         E        F      G
               +---------+---------+-------+---------+---------+-------+---------
         Total |       0 |     104 |   0.0 |       0 |      33 |   0.0 |  2126
               +---------+---------+-------+---------+---------+-------+---------
           D:1 |       0 |      26 |   0.0 |       0 |       9 |   0.0 |   666
           D:2 |       0 |      32 |   0.0 |       0 |      15 |   0.0 |   547
           D:3 |       0 |      14 |   0.0 |       0 |       8 |   0.0 |   826
           D:4 |       0 |      32 |   0.0 |       0 |       1 |   0.0 |    85
               +---------+---------+-------+---------+---------+-------+---------
